 Dungeon Crawl Stone Soup version 0.20-a0-903-g7e3609c (webtiles) character file.

31 Rrauwl the Cudgeler (level 3, -2/36 HPs)
             Began as a Troll Abyssal Knight on Mar 21, 2017.
             Was a Follower of Lugonu.
             Slain by a small abomination (16 damage)
             ... on level 1 of the Abyss.
             The game lasted 00:01:50 (177 turns).

Rrauwl the Cudgeler (Troll Abyssal Knight)           Turns: 177, Time: 00:01:50

Health: -2/36      AC:  5    Str: 21      XL:     3   Next: 7%
Magic:  3/3        EV:  9    Int:  8      God:    Lugonu [*.....]
Gold:   19         SH:  0    Dex:  3 (9)  Spells: 2/2 levels left

rFire    . . .     SeeInvis .   a - +1 mace
rCold    . . .     Gourm    +   b - +0 robe
rNeg     . . .     Faith    .   (no shield)
rPois    .         Spirit   .   (helmet restricted)
rElec    .         Reflect  .   (no cloak)
rCorr    .         Harm     .   (gloves unavailable)
MR       .....                  (boots unavailable)
Stlth    +.........             (no amulet)
Regen    0.6/turn               (no ring)
MPRegen  0.1/turn               (no ring)

@: lethally poisoned (-2 -> -15)
A: unfitting armour, claws 3, fast metabolism 3, gourmand, regeneration 1,
shaggy fur 1, tough skin 2
a: Depart the Abyss, Renounce Religion


You were on level 1 of the Abyss.
You worshipped Lugonu.
Lugonu was aware of your devotion.
You were not hungry.

You visited 0 branches of the dungeon, and saw 0 of its levels.
You visited the Abyss 1 time.

You collected 19 gold pieces.

Inventory:

Hand Weapons
 a - a +1 mace (weapon)
Armour
 b - a +0 robe (worn)
Comestibles
 c - 2 bread rations


   Skills:
 - Level 2.4 Fighting
 + Level 3.2 Maces & Flails
 - Level 1.9 Dodging
 - Level 1.5 Invocations


You had 2 spell levels left.
You didn't know any spells.

Dungeon Overview and Level Annotations

Branches:
Dungeon (0/15)

Altars:


Innate Abilities, Weirdness & Mutations

You are too large for most types of armour.
You have claws for hands.
Your metabolism is lightning-fast.
You like to eat raw meat.
Your natural rate of healing is unusually fast.
You are covered in fur. (AC +1)
You have very tough skin. (AC +2)


Message History

A spatial vortex comes into view.
Found a leather armour.
A spatial vortex comes into view. 4 spatial vortices come into view.
The spatial vortex moves out of view. x2 2 spatial vortices come into view. 2 spatial vortices come into view.
A hell hound comes into view.
An orange demon comes into view.
The orange demon screeches!
The orange demon stings you but does no damage.
An earth elemental comes into view.
A small abomination comes into view.
The small abomination hits you! The small abomination hits you!
You aren't carrying any potions.
You closely miss the small abomination. The orange demon stings you from afar.
You are poisoned.
The orange demon poisons you! The small abomination hits you!
You die...

.#. # .#.###... #
#..# #.. ..E.#
... ##.#.###.....
....#.... .#...#
##.....#.........
#.#.##.#...###.#.
#.#.4...#... #
#.##.x..#.###. #
#..@#..### ..#
#....#### .#
#.#..## #.....
..#.#. # ####


You could see an orange demon and a small abomination.

Vanquished Creatures
  A quasit (Abyss:1)
1 creature vanquished.

Notes
Turn   | Place    | Note
-------+----------+-------------------------------------------
     0 | Abyss:1  | Rrauwl the Troll Abyssal Knight began the quest for the Orb.
     0 | Abyss:1  | Reached XP level 1. HP: 22/22 MP: 1/1
    84 | Abyss:1  | Noticed a spatial vortex
    85 | Abyss:1  | Noticed a spatial vortex
    86 | Abyss:1  | Noticed a quasit
   109 | Abyss:1  | Killed a quasit
   109 | Abyss:1  | Reached skill level 3 in Maces & Flails
   109 | Abyss:1  | Reached XP level 2. HP: 15/29 MP: 2/2
   109 | Abyss:1  | Reached XP level 3. HP: 18/36 MP: 3/3
   115 | Abyss:1  | Noticed a spatial vortex
   123 | Abyss:1  | Noticed a spatial vortex
   124 | Abyss:1  | Noticed a spatial vortex
   124 | Abyss:1  | Noticed a spatial vortex
   124 | Abyss:1  | Noticed a spatial vortex
   124 | Abyss:1  | Noticed a spatial vortex
   125 | Abyss:1  | Noticed a spatial vortex
   125 | Abyss:1  | Noticed a spatial vortex
   126 | Abyss:1  | Noticed a spatial vortex
   126 | Abyss:1  | Noticed a spatial vortex
   142 | Abyss:1  | Noticed a hell hound
   169 | Abyss:1  | Noticed an orange demon
   170 | Abyss:1  | Noticed an earth elemental
   171 | Abyss:1  | Noticed a small abomination
   177 | Abyss:1  | Slain by a small abomination

Vault maps used:

Skill      XL: |  1 |
---------------+----+-----
Maces & Flails | 3 |  3.2
Fighting       | |  2.4
Dodging        | |  1.9
Invocations    | |  1.5

Action                   || total
-------------------------++-------
Melee: Mace              ||    24
Armor: Robe              ||    53
Dodge: Dodged            ||    44
